 Dungeon Crawl Stone Soup version 0.30-a0-739-gea05faddec (webtiles) character file.

Game seed: 5906336558053504886

84744 KleinerIrrer the Brawler (level 15, -9/141 HPs)
             Began as a Ghoul Monk on Feb 3, 2023.
             Was the Champion of Makhleb.
             Mangled by a naga warrior
             ... wielding a +0 scimitar
              (25 damage)
             ... on level 1 of the Snake Pit on Feb 4, 2023.
             The game lasted 01:06:28 (26384 turns).

KleinerIrrer the Brawler (Ghoul Monk)              Turns: 26384, Time: 01:06:28

Health: -9/141     AC: 21    Str: 23    XL:     15   Next: 81%
Magic:  16/16      EV: 10    Int:  5    God:    Makhleb [******]
Gold:   1648       SH:  0    Dex: 11    Spells: 14/14 levels left

rFire   + . .      SeeInvis +      - Unarmed
rCold   + . .      Faith    .    (no shield)
rNeg    + + +      Spirit   .    W - +0 scale mail of Freedom {rElec rF+}
rPois   ∞          Reflect  .    X - +0 helmet
rElec   +          Harm     .    n - +0 cloak
rCorr   .          Rampage  .    P - +2 pair of gloves
Will    +....                    c - +1 pair of boots Stlth
                                 E - amulet of magic regeneration
HPRegen 0.00/turn                Q - +4 ring of protection
MPRegen 0.55/turn                F - ring of see invisible

@: about to teleport, inhibited regen, constricted, invisible
A: claws 1, cold resistance 1, negative energy resistance 3, inhibited
regeneration, torment resistance 2, devour on kill
a: Renounce Religion, Minor Destruction, Lesser Servant of Makhleb, Major
Destruction, Greater Servant of Makhleb


You were on level 1 of the Snake Pit.
You worshipped Makhleb.
Makhleb was exalted by your worship.
You visited 4 branches of the dungeon, and saw 23 of its levels.

You collected 2339 gold pieces.
You spent 691 gold pieces at shops.

Inventory:

Missiles
 a - 30 boomerangs (quivered)
 f - 2 throwing nets
 o - 6 javelins
 T - 4 silver javelins
Armour
 c - a +1 pair of boots (worn)
 g - a +0 kite shield
 n - a +0 cloak (worn)
 y - a +4 chain mail of poison resistance
 P - a +2 pair of gloves (worn)
 W - the +0 scale mail of Freedom (worn) {rElec rF+}
   (You bought it in a shop on level 2 of the Orcish Mines)

   rF:        It protects you from fire.
   rElec:     It insulates you from electricity.
 X - a +0 helmet (worn)
Jewellery
 b - a +4 ring of protection
 d - a ring of protection from cold
 t - an amulet of reflection
 A - a ring of fire
 E - an amulet of magic regeneration (around neck)
 F - a ring of see invisible (right hand)
 L - the ring of the Priest {rC+ rN+ Will+ Str+2}
   (You found it on level 5 of the Dungeon)

   [ring of positive energy]

   Str:       It affects your strength (+2).
   rC:        It protects you from cold.
   rN:        It protects you from negative energy.
   Will:      It increases your willpower.
 Q - a +4 ring of protection (left hand)
Wands
 r - a wand of iceblast (41)
 w - a wand of paralysis (36)
 C - a wand of acid (9)
 G - a wand of flame (13)
 U - a wand of mindburst (21)
Scrolls
 e - 4 scrolls of butterflies
 h - 3 scrolls of poison
 i - a scroll of vulnerability
 j - a scroll of blinking
 l - 2 scrolls of fog
 p - 2 scrolls of immolation
 x - a scroll of silence
 z - 2 scrolls of enchant armour {unknown}
 B - 9 scrolls of teleportation
 D - 2 scrolls of noise
 H - 3 scrolls of amnesia {unknown}
 J - 2 scrolls of magic mapping
 R - a scroll of brand weapon {unknown}
 S - a scroll of enchant weapon
 Y - a scroll of fear
Potions
 k - a potion of brilliance
 m - 10 potions of curing
 q - 3 potions of flight
 s - 3 potions of magic
 u - 9 potions of ambrosia
 I - 3 potions of lignification
 K - a potion of attraction
 V - 2 potions of cancellation
 Z - a potion of haste
Miscellaneous
 v - a condenser vane
 O - a lightning rod (4/4)


   Skills:
 + Level 15.1 Fighting
 + Level 10.5 Armour
 - Level 8.2 Dodging
 - Level 2.1 Stealth
 * Level 4.7 Shields
 * Level 20.6 Unarmed Combat
 * Level 2.7 Invocations


You had 14 spell levels left.
You didn't know any spells.
Your spell library contained the following spells:

 Spells                   Type           Power      Damage    Failure   Level
 Apportation              Tloc           0%         N/A       75%         1
 Foxfire                  Conj/Fire      0%         2x1d4     75%         1
 Sandblast                Erth           0%         2d4       75%         1
 Shock                    Conj/Air       0%         1d3       75%         1
 Blink                    Tloc           0%         N/A       86%         2
 Passwall                 Tmut/Erth      0%         N/A       86%         2
 Stone Arrow              Conj/Erth      0%         3d7       98%         3
 Swiftness                Air            0%         N/A       98%         3
 Airstrike                Air            0%         2d(0-16)  100%        4
 Animate Armour           Summ/Erth      0%         N/A       100%        4
 Manifold Assault         Tloc           0%         N/A       100%        4
 Petrify                  Tmut/Erth      0%         N/A       100%        4
 Alistair's Intoxication  Tmut/Pois      0%         N/A       100%        5
 Fireball                 Conj/Fire      0%         3d3       100%        5
 Irradiate                Conj/Tmut      0%         3d11      100%        5
 Iskenderun's Battlesphe  Conj           0%         2d6       100%        5
 Summon Forest            Summ/Tloc      0%         N/A       100%        5
 Summon Mana Viper        Hex/Summ       0%         N/A       100%        5
 Iron Shot                Conj/Erth      0%         9d1       100%        6
 Starburst                Conj/Fire      0%         6d3       100%        6
 Summon Cactus Giant      Summ           0%         N/A       100%        6
 Spellforged Servitor     Conj/Summ      0%         N/A       100%        7
 Sublimation of Blood     Necr           Unusable   N/A       N/A         2
 Blade Hands              Tmut           Unusable   N/A       N/A         5
 Storm Form               Tmut/Air       Unusable   N/A       N/A         7

Dungeon Overview and Level Annotations

Branches:
Dungeon (15/15)            Temple (0/1) D:6            Lair (5/5) D:9
 Shoals (0/4) Lair:2        Snake (1/4) Lair:2        Slime (0/5) Lair:5
    Orc (2/2) D:9             Elf (0/3) Orc:2        Vaults (0/5) D:14
 Depths: D:15

Altars:
Ashenzari
Cheibriados
Dithmenos
Hepliaklqana
Kikubaaqudgha
Makhleb
Nemelex Xobeh
Trog
Uskayaw
Vehumet
Wu Jian
Xom
Jiyva

Shops:
Orc:1 (   Orc:2 [:[*(

Annotations:
D:15 Agnes
Lair:4 exclusion: upstairs
Lair:5 1 runed translucent door


Innate Abilities, Weirdness & Mutations

You are immune to poison.
You have sharp fingernails.
Your flesh is cold resistant. (rC+)
You are immune to negative energy. (rN+++)
You do not regenerate when monsters are visible.
You are immune to unholy pain and torment.
You thrive by killing the living.


Message History

The naga warrior hits you but does no damage.
The naga warrior grabs you. The naga warrior constricts you.
You punch the sea snake!
The sea snake is moderately wounded.
The sea snake bites you but does no damage.
The naga warrior spits poison at you. The splash of poison misses you.
The naga warrior constricts you.
You closely miss the sea snake.
The sea snake is moderately wounded.
The sea snake bites you.
You punch the sea snake!
The sea snake is heavily wounded.
The naga warrior hits you with a +0 scimitar!!
The naga warrior constricts you. The sea snake bites you!
You closely miss the sea snake.
The sea snake is moderately wounded.
The naga warrior hits you but does no damage.
The naga warrior constricts you.
* * * LOW HITPOINT WARNING * * *
As you read the scroll of teleportation, it crumbles to dust.
You feel strangely unstable. The sea snake bites you!
* * * LOW HITPOINT WARNING * * *
A naga comes into view. It is wielding a +0 glaive.
A naga mage comes into view. It is wielding a +0 flail.
The sea snake bites you.
* * * LOW HITPOINT WARNING * * *
The naga warrior hits you but does no damage.
The naga warrior constricts you.
You fade into invisibility!
The naga mage points at the naga and mumbles some strange words.
The naga seems to grow toxic.
The sea snake barely misses you. The naga warrior spits poison at you.
The splash of poison misses you. The naga warrior constricts you.
* * * LOW HITPOINT WARNING * * *
The naga warrior's grasp on you weakens, but your attempt to escape fails.
The naga mage mumbles some strange words.
The naga mage seems to speed up.
The sea snake bites you.
* * * LOW HITPOINT WARNING * * *
The naga warrior hits you with a +0 scimitar!!
You die...

## N. N# #
.# #.##.#
#.N@.#
#.....S###
.......
##....(
#~~~~≈
#≈≈≈≈≈≈
≈≈≈≈≈≈≈
≈≈≈≈≈≈≈


You could see a naga warrior (catching breath), a sea snake (unable to see you),
a naga mage (fast) and a naga (curare).

Vanquished Creatures
  2 orc warlords
  Snorg (D:13)
  A catoblepas (Lair:3)
  4 hydras
  An ice dragon (Lair:5)
  2 vault guards (D:14)
  3 centaur warriors
  3 boulder beetles
  2 tengu warriors (D:13)
  A two-headed ogre (D:10)
  An orc high priest (Orc:2)
  Sonja (Lair:5)
  Urug (Orc:2)
  Nergalle (Lair:3)
  3 skeletal warriors (D:12)
  2 wizards (D:14)
  A lindwurm (Lair:5)
  A deep elf pyromancer (D:14)
  A necromancer (D:14)
  5 orc knights
  2 orc sorcerers (Orc:2)
  An oklob plant (Orc:1)
  A salamander (Snake:1)
  15 ugly things
  3 manticores
  A cyclops (D:11)
  Maurice (D:8)
  3 naga magi
  11 elephants
  5 black mambas
  An unseen horror (D:13)
  9 torpor snails
  An unseen horror (shapeshifter) (D:14)
  14 cane toads
  4 rime drakes
  A kobold demonologist (D:13)
  6 komodo dragons
  A queen bee (Lair:1)
  5 hornets (Lair:5)
  3 polar bears
  4 tyrant leeches (Lair:5)
  9 trolls
  24 blink frogs
  A centaur simulacrum (D:14)
  5 water elementals
  11 slime creatures
  A vampire (D:11)
  A wraith (D:7)
  38 yaks
  6 wyverns
  2 hogs (D:10)
  Eustachio (D:5)
  17 humans
  A steam dragon (D:9)
  2 basilisks
  8 nagas
  Edmund (D:4)
  5 wargs
  18 water moccasins
  An acid dragon (D:11)
  Duvessa (D:5)
  36 orc warriors
  An ice beast (D:5)
  3 black bears
  8 ogres
  5 boggarts (D:14)
  A sky beast (D:7)
  17 wolves
  9 centaurs
  2 phantoms
  2 kobold brigands
  11 bullfrogs
  2 necrophages
  A gnoll sergeant (Orc:2)
  6 scorpions
  10 wights
  Dowan (D:5)
  47 killer bees
  6 howler monkeys
  14 electric eels
  6 jellies
  A gnoll bouda (Orc:1)
  20 orc priests
  2 hounds (D:5)
  4 iguanas
  Ijyb (D:3)
  26 orc wizards
  5 gnolls (Orc:1)
  6 adders
  A shadow imp (D:6)
  A white imp (D:6)
  2 ufetubi
  3 worms
  2 dart slugs (D:1)
  96 orcs
  3 bats
  8 endoplasms
  2 giant cockroaches (D:1)
  8 goblins
  4 hobgoblins
  4 jackals (D:1)
  A quokka (D:4)
  8 ball pythons
  4 frilled lizards
  16 kobolds
  4 rats
702 creatures vanquished.

Vanquished Creatures (others)
  A naga (Snake:1)
  30 fungi
  66 plants
97 creatures vanquished.

Grand Total: 799 creatures vanquished

Notes
Turn   | Place    | Note
-------+----------+-------------------------------------------
     0 | D:1      | KleinerIrrer the Ghoul Monk began the quest for the Orb.
     0 | D:1      | Reached XP level 1. HP: 19/19 MP: 0/0
   144 | D:1      | Reached XP level 2. HP: 21/26 MP: 1/1
   393 | D:1      | Reached skill level 4 in Unarmed Combat
   610 | D:1      | Reached XP level 3. HP: 33/33 MP: 2/2
  1470 | D:2      | Reached XP level 4. HP: 35/40 MP: 3/3
  1657 | D:3      | Reached skill level 5 in Unarmed Combat
  2042 | D:3      | Noticed Ijyb
  2060 | D:3      | Killed Ijyb
  2061 | D:3      | Reached XP level 5. HP: 28/47 MP: 4/4
  2478 | D:4      | Found a hazy altar of Hepliaklqana.
  2525 | D:4      | Noticed an ogre
  2691 | D:4      | Killed an ogre
  2692 | D:4      | Reached skill level 1 in Armour
  2692 | D:4      | Reached XP level 6. HP: 34/53 MP: 5/5
  2788 | D:4      | Reached skill level 6 in Unarmed Combat
  3174 | D:4      | Found a burning altar of Makhleb.
  3230 | D:4      | Became a worshipper of Makhleb the Destroyer
  3230 | D:4      | Reached * piety under Makhleb
  3230 | D:4      | Reached ** piety under Makhleb
  3317 | D:5      | Entered Level 5 of the Dungeon
  3332 | D:5      | Reached skill level 5 in Fighting
  3393 | D:4      | Reached XP level 7. HP: 57/61 MP: 6/6
  3506 | D:5      | Noticed Edmund
  3548 | D:4      | Killed Edmund
  3639 | D:5      | Reached skill level 7 in Unarmed Combat
  3660 | D:5      | Noticed Eustachio
  3681 | D:5      | Killed Eustachio
  3948 | D:5      | Noticed Duvessa
  3953 | D:5      | Noticed Dowan
  3966 | D:5      | Reached XP level 8. HP: 70/70 MP: 7/7
  3977 | D:5      | Killed Duvessa
  3987 | D:5      | Killed Dowan
  4047 | D:5      | Reached skill level 8 in Unarmed Combat
  4102 | D:5      | Found a shadowy altar of Dithmenos.
  4128 | D:5      | Noticed a wyvern
  4137 | D:5      | Killed a wyvern
  4333 | D:5      | Identified the ring of the Priest {rC+ rN+ Will+ Str+2}
  4337 | D:5      | Upgraded the game from 0.30-a0-738-g116ff8c4af to
                  | 0.30-a0-739-gea05faddec
  4625 | D:6      | Reached XP level 9. HP: 76/78 MP: 8/8
  4668 | D:6      | Found a staircase to the Ecumenical Temple.
  4681 | D:6      | Reached *** piety under Makhleb
  4682 | D:6      | Reached skill level 5 in Dodging
  4682 | D:6      | Reached skill level 9 in Unarmed Combat
  5160 | D:6      | Found a bloodstained altar of Trog.
  5302 | D:7      | Found a radiant altar of Vehumet.
  5542 | D:7      | Reached skill level 10 in Unarmed Combat
  5707 | D:7      | Reached skill level 5 in Armour
  5759 | D:7      | Reached XP level 10. HP: 88/88 MP: 9/9
  5835 | D:7      | Found a shimmering altar of Xom.
  6072 | D:7      | Found a sparkling altar of Nemelex Xobeh.
  6608 | D:8      | Noticed Maurice
  6612 | D:8      | Reached **** piety under Makhleb
  6633 | D:8      | Killed Maurice
  6634 | D:8      | Reached skill level 11 in Unarmed Combat
  7598 | D:9      | Reached skill level 12 in Unarmed Combat
  7762 | D:9      | Found an ornate altar of the Wu Jian Council.
  7766 | D:9      | Found a staircase to the Orcish Mines.
  7914 | D:9      | Found a staircase to the Lair.
  7914 | D:9      | Noticed an elephant
  7959 | D:8      | Killed an elephant
  7960 | D:8      | Reached XP level 11. HP: 97/97 MP: 10/10
  7975 | D:9      | Reached skill level 13 in Unarmed Combat
  8097 | D:9      | Reached ***** piety under Makhleb
  8499 | Lair:1   | Entered Level 1 of the Lair of Beasts
  8610 | Lair:1   | Reached skill level 10 in Fighting
  8982 | Lair:1   | Reached skill level 14 in Unarmed Combat
  9598 | Lair:2   | Found a staircase to the Snake Pit.
  9934 | Lair:2   | Reached skill level 15 in Unarmed Combat
 10024 | Lair:2   | Found a staircase to the Shoals.
 10339 | Lair:3   | Reached XP level 12. HP: 80/110 MP: 11/11
 10702 | Lair:3   | Found a snail-covered altar of Cheibriados.
 10847 | Lair:3   | Noticed Nergalle
 10872 | Lair:3   | Killed Nergalle
 11117 | Lair:3   | Noticed a catoblepas
 11129 | Lair:3   | Killed a catoblepas
 11130 | Lair:3   | Reached skill level 16 in Unarmed Combat
 12191 | Lair:3   | Reached skill level 17 in Unarmed Combat
 12482 | Lair:4   | Reached XP level 13. HP: 119/119 MP: 12/12
 13247 | D:10     | Entered Level 10 of the Dungeon
 13281 | D:10     | Found an ancient bone altar of Kikubaaqudgha.
 13571 | D:10     | Reached ****** piety under Makhleb
 13678 | D:10     | Found a broken altar of Ashenzari.
 13678 | D:10     | Found a hide-covered altar of Uskayaw.
 14098 | Orc:1    | Entered Level 1 of the Orcish Mines
 14252 | Orc:1    | Found Ihelep's Weapon Shoppe.
 14363 | Orc:2    | Entered Level 2 of the Orcish Mines
 14479 | Orc:2    | Found a staircase to the Elven Halls.
 14531 | Orc:2    | Found Redecrue's Antique Armour Boutique.
 14679 | Orc:2    | Reached skill level 18 in Unarmed Combat
 15432 | Orc:2    | Noticed Urug
 15456 | Orc:2    | Killed Urug
 15808 | Orc:2    | Noticed an orc warlord
 15838 | Orc:2    | Killed an orc warlord
 16534 | Orc:2    | Noticed an orc warlord
 17107 | D:11     | Reached XP level 14. HP: 55/130 MP: 13/13
 17893 | D:12     | Found a viscous altar of Jiyva.
 18462 | Lair:5   | Entered Level 5 of the Lair of Beasts
 18630 | Lair:5   | Reached skill level 19 in Unarmed Combat
 19121 | Lair:5   | Found a runed translucent door.
 19422 | Lair:5   | Noticed Sonja
 19439 | Lair:5   | Killed Sonja
 19591 | Lair:5   | Found a runed translucent door.
 19591 | Lair:5   | Found a viscous altar of Jiyva.
 19591 | Lair:5   | Found a staircase to the Slime Pits.
 19591 | Lair:5   | Noticed an acid blob
 19591 | Lair:5   | Noticed an acid blob
 20949 | Snake:1  | Entered Level 1 of the Snake Pit
 20981 | Lair:2   | Reached XP level 15. HP: 139/139 MP: 14/14
 21064 | Snake:1  | Paralysed by a naga for 3 turns
 21359 | Orc:1    | Killed an orc warlord
 21694 | Orc:2    | Reached skill level 1 in Shields
 21748 | Orc:2    | Reached skill level 10 in Armour
 21802 | Orc:2    | Found Metoh's Antique Weapon Boutique.
 21820 | Orc:2    | Found Tuavy's Antique Armour Boutique.
 21835 | Orc:2    | Found Faor's Book Boutique.
 21852 | Orc:2    | Found Giulibergh's General Store.
 21877 | Orc:2    | Bought a warped scale mail for 270 gold pieces
 21877 | Orc:2    | Identified the +0 scale mail of Freedom {rElec rF+} (You
                  | bought it in a shop on level 2 of the Orcish Mines)
 21877 | Orc:2    | Bought a helmet for 135 gold pieces
 22058 | D:12     | Reached skill level 20 in Unarmed Combat
 22691 | Orc:2    | Bought 3 scrolls of teleportation for 117 gold pieces
 22691 | Orc:2    | Bought a scroll of blinking for 97 gold pieces
 22691 | Orc:2    | Bought a wand of mindburst (4) for 72 gold pieces
 23322 | D:13     | You fall into a shaft and drop 1 floor!
 24262 | D:13     | Reached skill level 15 in Fighting
 24295 | D:13     | Noticed Snorg
 24305 | D:13     | Killed Snorg
 24902 | D:14     | Reached skill level 1 in Invocations
 25454 | D:14     | Found a gate to the Vaults.
 25558 | D:15     | Entered Level 15 of the Dungeon
 25793 | D:15     | Noticed Agnes
 26384 | Snake:1  | Mangled by a naga warrior

Illustrated notes

Levels and vault maps discovered:
D:1:      dpeg_arrival_connections, layout_basic
D:2:      layout_loops_ring, grunt_ministairs_13
D:3:      layout_basic, mrwooster_statue_mirror, uniq_ijyb
D:4:      layout_cave_pools, lemuel_tele_altar, mainiacjoe_overflow_boulevard
D:5:      layout_cave_pools, nicolae_dithmenos_the_darkroom, uniq_edmund,
          uniq_eustachio, uniq_duvessa
D:6:      layout_rooms, trog_butcher_becter, minmay_temple_entry_overgrown
D:7:      layout_loops_ring, amcnicky_altar_gilded,
          nemelex_xobeh_ov_fountains_minmay, fiery_altar_vehumet,
          kennysheep_generic_room_8
D:8:      layout_loops_ring, uniq_maurice
D:9:      layout_loops_ring, general_overflow_altar, david_lair_generic,
          orc_0_dummy
D:10:     layout_gridville, overflow_temple_1_default,
          grunt_temple_overflow_open, grunt_livestock
D:11:     layout_basic
D:12:     layout_basic, jiyva_altar_1
D:13:     layout_roguey, serial_co_window_serial, co_window_of_opportunity_a,
          co_window_paths_a, co_window_corner_a, co_window_corner_a,
          co_window_paths_b, co_window_unsneaky_path_b, co_window_corner_ca,
          co_window_of_opportunity_c, co_window_paths_c,
          co_window_of_opportunity_b, co_window_4corner_a, glass_columns_b,
          glass_columns_a, glass_columns_a, glass_columns_b,
          hangedman_decor_growths, uniq_snorg
D:14:     layout_irregular_city, grunt_vaults_entry_tiered,
          amcnicky_mini_rare_corridor_liquid, serial_bayou, serial_bayou_pond_d,
          serial_bayou_pond_d, serial_bayou_lagoon_a, serial_bayou_shore_a,
          serial_bayou_pond_b, serial_bayou_shore_b
D:15:     hangedman_depths_entry_civil_slaughter, layout_stronghold, uniq_agnes
Lair:1:   layout_gridlike, special_room [special_room_bee]
Lair:2:   layout_regular_city, shoals_dummy_entry, guppyfry_snake_entry_island,
          grunt_megastairs_2
Lair:3:   layout_regular_city, kennysheep_snail_temple, grunt_megastairs_4,
          uniq_nergalle
Lair:4:   nzn_motion_control, layout_gridlike, nicolae_lair_grove_arrangements
Lair:5:   wormcave, layout_regular_city, slime_entry_2, grunt_megastairs_5,
          uniq_sonja
Snake:1:  layout_basic
Orc:1:    layout_diamond_mine, serial_shops, nicolae_shop_bloodbath_and_beyond,
          mines3_lemuel
Orc:2:    grunt_orc_cross, layout_caves, serial_shops, shop, sword_in_stone

Skill      XL: |  1  2  3  4  5  6  7  8  9 10 11 12 13 14 15 |
---------------+----------------------------------------------+-----
Unarmed Combat | 4 5 6 7 8 10 12 15 17 18 19 20 | 20.6
Fighting       | 4 5 6 7 9 11 12 13 14 15 | 15.1
Armour         | 1 2 3 5 7 9 10 | 10.5
Dodging        | 3 4 5 6 7 8 |  8.2
Shields        | 4 |  4.7
Invocations    | 2 |  2.7
Stealth        | |  2.1

Action                     |  1- 3 |  4- 6 |  7- 9 | 10-12 | 13-15 || total
---------------------------+-------+-------+-------+-------+-------++-------
  Melee: Unarmed           |   102 |   158 |   380 |   822 |  1480 ||  2942
         Punch             |     2 |     2 |    11 |    71 |   176 ||   262
  Throw: Boomerang         |       |     2 |       |       |     2 ||     4
 Invoke: Minor Destruction |       |       |       |       |     6 ||     6
  Evoke: Wand              |       |       |       |     1 |    14 ||    15
    Use: Potion            |       |     1 |     2 |     4 |     5 ||    12
         Scroll            |       |       |     7 |     6 |    27 ||    40
   Stab: Sleeping          |     4 |     1 |       |       |       ||     5
         Distracted        |       |       |       |       |     1 ||     1
 Armour: Robe              |    20 |    17 |       |       |       ||    37
         Scale mail        |       |    11 |    62 |       |   168 ||   241
         Leather armour    |       |     3 |       |       |       ||     3
         Ring mail         |       |       |   105 |   318 |   124 ||   547
         Chain mail        |       |       |       |       |   353 ||   353
  Dodge: Dodged            |    42 |    90 |   191 |   498 |   636 ||  1457

Table legend: (Time is in decaauts)
 A = Elapsed time spent in this place.
 B = Non-inter-level travel time spent in this place.
 C = Inter-level travel time spent in this place.
 D = Time resting spent in this place.
 E = Time spent auto-exploring this place.
 F = Levels seen in this place.
 G = Mean time per level.
                   A        B        C        D        E       F      G
               +--------+--------+--------+--------+--------+-----+--------+
         Total |  25734 |  22049 |   3685 |   3301 |  13318 |  23 | 1118.9 |
       Dungeon |  14879 |  13417 |   1462 |   1695 |   8914 |  15 |  991.9 |
          Lair |   7258 |   5889 |   1369 |    726 |   3650 |   5 | 1451.6 |
     Snake Pit |    233 |    193 |     40 |      0 |     80 |   1 |  233.0 |
  Orcish Mines |   3363 |   2550 |    813 |    880 |    673 |   2 | 1681.5 |
               +--------+--------+--------+--------+--------+-----+--------+

Top non-repeatable levels by time:
  Lair:5: 2202 daAuts
   Orc:2: 1885 daAuts
  Lair:3: 1640 daAuts
    D:11: 1496 daAuts
   Orc:1: 1478 daAuts
    D:13: 1376 daAuts
     D:9: 1350 daAuts
    D:14: 1283 daAuts
  Lair:2: 1277 daAuts
  Lair:1: 1135 daAuts
     D:3: 1064 daAuts
     D:5: 1042 daAuts
     D:7: 1035 daAuts
  Lair:4: 1002 daAuts
     D:1: 956 daAuts
